 Dungeon Crawl Stone Soup version 0.20.0-7-g3b7b877 (webtiles) character file.

232 MTVSty1e the Chopper (level 5, 0/42 HPs)
             Began as a Demonspawn Gladiator on May 29, 2017.
             Was a Follower of Makhleb.
             Succumbed to a worker ant's poison
             ... on level 4 of the Dungeon.
             The game lasted 00:05:58 (3556 turns).

MTVSty1e the Chopper (Demonspawn Gladiator)         Turns: 3556, Time: 00:05:59

Health: 0/42       AC:  5    Str: 15    XL:     5   Next: 73%
Magic:  5/5        EV: 12    Int: 16    God:    Makhleb [*.....]
Gold:   151        SH:  0    Dex: 14    Spells: 4/4 levels left

rFire    . . .     SeeInvis .   a - +0 war axe
rCold    + . .     Gourm    .   (no shield)
rNeg     . . .     Faith    .   b - +0 leather armour
rPois    .         Spirit   .   c - +0 helmet
rElec    .         Reflect  .   o - +0 cloak
rCorr    .         Harm     .   (no gloves)
MR       .....                  (no boots)
Stlth    ++........             (no amulet)
Regen    0.2/turn               s - ring of protection from cold
MPRegen  0.1/turn               w - +6 ring of intelligence

@: lethally poisoned (0 -> -9), flying, very slightly contaminated, hasted,
invisible, very quick
A: demonic guardian 1, nightstalker 1
a: Renounce Religion


You were on level 4 of the Dungeon.
You worshipped Makhleb.
Makhleb was aware of your devotion.
You were not hungry.

You visited 1 branch of the dungeon, and saw 4 of its levels.

You collected 151 gold pieces.

Inventory:

Hand Weapons
 a - a +0 war axe (weapon)
Missiles
 d - 3 throwing nets (quivered)
Armour
 b - a +0 leather armour (worn)
 c - a +0 helmet (worn)
 o - a +0 cloak (worn)
Jewellery
 s - a ring of protection from cold (left hand)
 w - a +6 ring of intelligence (right hand)
Wands
 t - a wand of scattershot (5/9)
Scrolls
 e - a scroll of amnesia
 j - 2 scrolls of remove curse
Potions
 l - a potion of lignification
 r - a potion of agility
 v - a potion of resistance {unknown}
 z - a potion of flight
Comestibles
 k - a bread ration


   Skills:
 + Level 4.3 Fighting
 + Level 4.7 Axes
 - Level 1.7 Throwing
 - Level 2.6 Dodging


You had 4 spell levels left.
You didn't know any spells.

Dungeon Overview and Level Annotations

Branches:
Dungeon (4/15)
 Temple: D:4-7

Altars:
Makhleb
Xom


Innate Abilities, Weirdness & Mutations

A weak demonic guardian rushes to your aid.
You are slightly more attuned to the shadows.


Message History

Okay, then.
You closely miss the worker ant.
The worker ant is heavily wounded.
You feel sick. The worker ant bites you.
* * * LOW HITPOINT WARNING * * *
You are more poisoned.
The worker ant poisons you!
You slash the worker ant!
The worker ant is almost dead.
* * * LOW HITPOINT WARNING * * *
You feel sick. The worker ant misses you. The worker ant closely misses you.
Unknown command.
Okay, then.
You slash the worker ant!
You kill the worker ant!
Makhleb accepts your kill.
* * * LOW HITPOINT WARNING * * *
You feel sick.
It was a potion of haste.
You feel yourself speed up.
You die...

........#...
..[........#
.......#...#
.......#..#
..........####
#.........!..#
......<@......
..............
........#.....
.......##.##.#
.|....## # #
.#####


There were no monsters in sight!

Vanquished Creatures
  The ghost of zhorgal the Chopper, an amateur MiFi (D:3)
  A worker ant (D:4)
  4 adders
  An ooze (D:2)
  A worm (D:2)
  2 dart slugs (D:1)
  3 leopard geckos
  An orc (D:3)
  5 giant cockroaches
  11 goblins
  9 hobgoblins
  2 jackals (D:2)
  6 kobolds
  3 quokkas
  4 bats
  2 frilled lizards
  7 rats
63 creatures vanquished.

Vanquished Creatures (collateral kills)
  An orc wizard (D:3)
  4 orcs (D:3)
  A bat (D:3)
6 creatures vanquished.

Grand Total: 69 creatures vanquished

Notes
Turn   | Place    | Note
-------+----------+-------------------------------------------
     0 | D:1      | MTVSty1e the Demonspawn Gladiator began the quest for the Orb.
     0 | D:1      | Reached XP level 1. HP: 16/16 MP: 1/1
    54 | D:1      | Gained mutation: A weak demonic guardian rushes to your aid. [demonic ancestry]
    54 | D:1      | Reached XP level 2. HP: 22/23 MP: 2/2
   697 | D:1      | Reached XP level 3. HP: 28/28 MP: 3/3
  1073 | D:2      | Found a shimmering altar of Xom.
  1073 | D:2      | Found a shimmering altar of Xom.
  1073 | D:2      | Found a shimmering altar of Xom.
  1074 | D:2      | Found a shimmering altar of Xom.
  1074 | D:2      | Found a shimmering altar of Xom.
  1075 | D:2      | Found a shimmering altar of Xom.
  1075 | D:2      | Found a shimmering altar of Xom.
  1075 | D:2      | Found a shimmering altar of Xom.
  1077 | D:2      | Found a shimmering altar of Xom.
  1077 | D:2      | Found a shimmering altar of Xom.
  1141 | D:2      | Found a burning altar of Makhleb.
  1149 | D:2      | Noticed a blizzard demon
  1153 | D:2      | Noticed a smoke demon
  1153 | D:2      | Noticed an orange demon
  1155 | D:2      | Became a worshipper of Makhleb the Destroyer
  2125 | D:2      | Reached XP level 4. HP: 35/35 MP: 4/4
  2172 | D:2      | Found a faded altar of an unknown god.
  3252 | D:3      | Reached * piety under Makhleb
  3303 | D:3      | Gained mutation: You are slightly more attuned to the shadows. [demonic ancestry]
  3303 | D:3      | Reached XP level 5. HP: 42/42 MP: 5/5
  3365 | D:3      | Noticed zhorgal's ghost (amateur MiFi)
  3404 | D:3      | Killed zhorgal's ghost
  3553 | D:4      | HP: 2/42 [worker ant (6)]
  3556 | D:4      | Succumbed to a worker ant's poison

Skill      XL: |  1  2  3  4  5 |
---------------+----------------+-----
Axes           | 3 4 |  4.7
Fighting       | 3 4 |  4.3
Throwing       | |  1.7
Dodging        | |  2.6

Action                   |  1- 3 |  4- 6 || total
-------------------------+-------+-------++-------
Melee: War axe           |   127 |    64 ||   191
  Use: Scroll            |       |     8 ||     8
       Potion            |       |     8 ||     8
 Stab: Sleeping          |     2 |     3 ||     5
  Eat: Bread ration      |     1 |       ||     1
       Royal jelly       |     1 |       ||     1
       Meat ration       |       |     1 ||     1
Armor: Leather armour    |    29 |    13 ||    42
       Skin              |       |     6 ||     6
Dodge: Dodged            |    91 |    33 ||   124
